 Dungeon Crawl Stone Soup version 0.32-a0-928-g1cae6b7ea0 (webtiles) character file.

Game seed: 18446163169028899021

348939 Anno the Maledictor (level 21, -14/115 HPs)
             Began as a Felid Delver on Apr 11, 2024.
             Was a High Priest of Wu Jian.
             Demolished by a large abomination (27 damage)
             ... on level 3 of the Abyss on Apr 12, 2024.
             The game lasted 05:24:29 (50927 turns).

Anno the Maledictor (Felid Delver)                 Turns: 50927, Time: 05:24:29

Health: -14/115    AC:  3    Str: 10    XL:     21   Next: 24%
Magic:  22/36      EV: 36    Int: 17    God:    Wu Jian [*****.]
Gold:   3097       SH:  0    Dex: 24    Spells: 10/40 levels left
                                        Lives:  0   Deaths: 7

rFire   + .          .
                       - Unarmed
rCold   + . .        (shield unavailable)
rNeg    . . .        (body armour unavailable)
rPois   .            (helmet unavailable)
rElec   .            (cloak unavailable)
rCorr   .            (gloves unavailable)
SInv    +            (boots unavailable)
Will    +++..        v - amulet of regeneration
Stlth   ++++++++     V - ring of protection from fire
HPRegen 1.19/turn    N - ring of flight
MPRegen 0.25/turn

%: no passive effects
@: exhausted, flying
A: very small, claws 1, fangs 3, see invisible, shaggy fur 3, stealthy paws, no
weapons or thrown items, no armour, multi-lived, [frail 1], [subdued magic 1]
}: 2/15 runes: decaying, serpentine
a: Renounce Religion, Wall Jump, Serpent's Lash, Heavenly Storm


You were on level 3 of the Abyss.
You worshipped Wu Jian.
Wu Jian was extremely pleased with you.
You visited 8 branches of the dungeon, and saw 38 of its levels.
You visited the Abyss 1 time.
You also visited: Sewer, Gauntlet and Ice Cave.

You collected 4611 gold pieces.
You spent 1514 gold pieces at shops.

Inventory:

Jewellery
 h - the ring "Xoschu" {MP+9 Int+4}
   (You found it on level 1 of the Depths)

   [ring of magical power]

   Int+4:     It affects your intelligence (+4).
   MP+9:      It affects your magic capacity (+9).
 v - an amulet of regeneration (around neck)
 G - a ring of positive energy
 H - the amulet "Hiqipn Ylie" {Harm RegenMP+ Str+3 Int-5}
   (You found it in a Gauntlet)

   [amulet of magic regeneration]

   It increases your rate of magic regeneration.
   Str+3:     It affects your strength (+3).
   Int-5:     It affects your intelligence (-5).
   Harm:      It increases damage dealt and taken.
   RegenMP+:  It increases your rate of magic regeneration.
 N - a ring of flight (right paw)
 Q - the ring "Biur" {Wiz rCorr Dex+3}
   (You took it off a minotaur in a Gauntlet)

   [ring of wizardry]

   Wiz:       It improves your spell success rate.
   Dex+3:     It affects your dexterity (+3).
   rCorr:     It protects you from acid and corrosion.
 V - a ring of protection from fire (left paw)
Talismans
 E - a storm talisman
Wands
 e - a wand of digging (9)
 m - a wand of light (2)
 w - a wand of charming (28)
 F - a wand of polymorph (10)
 K - a wand of roots (1)
 O - a wand of mindburst (18)
 W - a wand of flame (17)
Scrolls
 a - 5 scrolls of fog
 b - 3 scrolls of poison
 f - 8 scrolls of vulnerability
 o - 5 scrolls of summoning
 p - 5 scrolls of fear
 z - 5 scrolls of identify
 P - 4 scrolls of immolation
 Y - a scroll of silence
Potions
 d - 7 potions of haste
 g - 4 potions of might
 j - 7 potions of curing
 k - 6 potions of resistance
 l - 3 potions of lignification
 n - 3 potions of magic
 r - 4 potions of cancellation
 s - 5 potions of mutation
 C - 4 potions of attraction
 D - 5 potions of brilliance
 L - a potion of heal wounds
 R - 2 potions of berserk rage
 T - a potion of invisibility
 U - 4 potions of enlightenment
Miscellaneous
 u - a sack of spiders
 M - a Gell's gravitambourine (1/2)


   Skills:
 * Level 20.5 Fighting
 + Level 18.3 Dodging
 + Level 18.9 Stealth
 + Level 19.6 Unarmed Combat
 - Level 10.0 Spellcasting
 - Level 21.6 Hexes
 - Level 4.0 Translocations
 - Level 4.0 Earth Magic
 - Level 4.0 Alchemy
 - Level 10.0 Evocations
 * Level 6.9 Shapeshifting


You had 10 spell levels left.
You knew the following spells:

 Your Spells              Type           Power      Damage    Failure   Level
a - Discord               Hex            29%        N/A       6%          8
b - Confusing Touch       Hex            58%        N/A       0%          3
c - Blink                 Tloc           34%        N/A       1%          2
e - Yara's Violent Unrav  Hex/Alch       20%        3d9       1%          5
f - Passwall              Erth           17%        N/A       3%          3
g - Jinxbite              Hex            100%       N/A       0%          2
h - Enfeeble              Hex            29%        N/A       1%          7

Your spell library contained the following spells:

 Spells                   Type           Power      Damage    Failure   Level
 Slow                     Hex            100%       N/A       0%          1
 Sigil of Binding         Hex            58%        N/A       0%          3
 Tukima's Dance           Hex            58%        N/A       0%          3
 Sandblast                Erth           34%        2d9       1%          1
 Ensorcelled Hibernation  Hex/Ice        68%        N/A       1%          2
 Inner Flame              Hex/Fire       34%        N/A       1%          3
 Metabolic Englaciation   Hex/Ice        17%        N/A       1%          5
 Mercury Vapours          Alch/Air       22%        N/A       4%          2
 Cigotuvi's Dreadful Rot  Necr/Alch/Air  20%        N/A       6%          2
 Foxfire                  Conj/Fire      24%        2x1d5     7%          1
 Freeze                   Ice            24%        1d4       7%          1
 Magic Dart               Conj           24%        1d4       7%          1
 Necrotise                Necr           24%        1d5       7%          1
 Shock                    Conj/Air       24%        1d4       7%          1
 Stone Arrow              Conj/Erth      22%        3d8       9%          3
 Volatile Blastmotes      Fire/Tloc      22%        2d11      9%          3
 Call Imp                 Summ           12%        N/A       11%         2
 Scorch                   Fire           12%        2d5       11%         2
 Searing Ray              Conj           12%        2d4       11%         2
 Static Discharge         Conj/Air       12%        3-4/arc   11%         2
 Leda's Liquefaction      Alch/Erth      8%         N/A       13%         4
 Petrify                  Alch/Erth      17%        N/A       13%         4
 Frozen Ramparts          Ice            12%        1d2       22%         3
 Hailstorm                Conj/Ice       6%         3d5       22%         3
 Summon Ice Beast         Ice/Summ       6%         N/A       22%         3
 Swiftness                Air            6%         N/A       22%         3
 Vampiric Draining        Necr           6%         2d6       22%         3
 Brom's Barrelling Bould  Conj/Erth      11%        2d3       32%         4
 Fulminant Prism          Conj/Alch      5%         3d7       32%         4
 Ignite Poison            Fire/Alch      11%        N/A       32%         4
 Iskenderun's Mystic Bla Conj/Tloc 11%            2d4        (+2d2     32%         4
 Sticky Flame             Fire/Alch      11%        2d5       32%         4
 Vhi's Electric Charge    Tloc/Air       22%        N/A       32%         4
 Lee's Rapid Deconstruct  Erth           8%         3d7*      36%         5
 Airstrike                Air            3%         2d(1-17)  58%         4
 Flame Wave               Conj/Fire      6%         2d5       58%         4
 Martyr's Knell           Necr/Summ      6%         N/A       58%         4
 Summon Lightning Spire   Summ/Air       6%         N/A       58%         4
 Curse of Agony           Necr           6%         N/A       91%         5
 Freezing Cloud           Conj/Ice/Air   3%         6-21      91%         5
 Iskenderun's Battlesphe  Conj           6%         2d6       91%         5
 Bombard                  Conj/Erth      5%         9d2       99%         6
 Permafrost Eruption      Ice/Erth       5%         2x4d2     99%         6
 Sculpt Simulacrum        Ice/Alch       5%         N/A       99%         6
 Conjure Ball Lightning   Conj/Air       3%         3x3d6     100%        6
 Death Channel            Necr           3%         N/A       100%        6
 Plasma Beam              Fire/Air       3%         2x1d13    100%        6
 Summon Cactus Giant      Summ           3%         N/A       100%        6
 Spellforged Servitor     Conj/Summ      3%         N/A       100%        7
 Disjunction              Tloc           8%         N/A       100%        8
 Ignition                 Fire           3%         3d4       100%        8
 Lehudib's Crystal Spear  Conj/Erth      5%         10d3      100%        8
 Chain Lightning          Conj/Air       3%         3d4       100%        9
 Dimensional Bullseye     Hex/Tloc       Unusable   N/A       N/A         4
 Animate Armour           Summ/Erth      Unusable   N/A       N/A         4

Dungeon Overview and Level Annotations

Branches:
Dungeon (15/15)            Temple (1/1) D:4            Lair (5/5) D:10
  Swamp (4/4) Lair:2        Snake (4/4) Lair:3        Slime (0/5) Lair:4
    Orc (2/2) D:9             Elf (0/3) Orc:2        Vaults (4/5) D:14
  Crypt (0/3) Vaults:3     Depths (4/4) D:15          Sewer (visited)
  IceCv (visited)         Gauntlet (visited)
    Zot: Depths:4

Altars:
Ashenzari
Cheibriados
Dithmenos
Elyvilon
Fedhas
Gozag
Hepliaklqana
Kikubaaqudgha
Makhleb
Nemelex Xobeh
Okawaru
Qazlal
Ru
Sif Muna
Trog
Uskayaw
Vehumet
Wu Jian
Xom
Yredelemnul
Zin
The Shining One

Shops:
D:8 :   Orc:2 ([?[([   Snake:1 !   Vaults:1 *   Vaults:3 (   Vaults:4 =

Portals:
Hell: Depths:1 Depths:4
Abyss: Depths:4
Pandemonium: Depths:1 Depths:2

Annotations:
D:6 3 runed translucent doors, mdk's ghost, novice DECj
Temple 2 transporters
Lair:5 exclusion: obsidian statue
Vaults:4 exclusion: 3 downstairs


Innate Abilities, Weirdness & Mutations

You have sharp claws.
You have razor-sharp teeth.
You have supernaturally acute eyesight. (SInv)
Your thick and shaggy fur keeps you warm. (AC +3, rC+)
Your paws help you pounce on unaware monsters.
You are incapable of wielding weapons or throwing items.
You cannot wear armour.
You gain extra lives every three experience levels.
[You are frail. (-10% HP)]
[Your spells are a little easier to cast, but a little less powerful.]


Message History

The thrashing horror tramples something but does no damage.
The large abomination completely misses you.
Something hits the thrashing horror!!!
A starcursed mass splits.
A chorus of shrieks assaults your mind.
Unknown command.
Unknown command.
Unknown command.
Unknown command.
Something tramples the harpy skeleton!
The harpy skeleton holds its ground!
Something tramples the harpy skeleton.
The harpy skeleton holds its ground!
The Council accepts your kill.
The harpy skeleton dissolves into shadows!
You feel a bit more experienced.
The large abomination attacks as it pursues you!
The large abomination misses you. x2; A starcursed mass splits.
A chorus of shrieks assaults your mind.
Unknown command.
Unknown command.
You spin and attack the large abomination.
You mangle the large abomination!!
The large abomination is moderately damaged.
The large abomination hits you!!
* * * LOW HITPOINT WARNING * * *
Unknown command.
Unknown command.
Unknown command.
You spin and attack the large abomination repeatedly.
You mangle the large abomination!! You claw the large abomination.
You destroy the large abomination!
The Council accepts your kill.
A starcursed mass splits.
You feel the corruption within you wane somewhat.
Your system completely accepts the healing effects of potions.
Unknown command.
Okay, then.
You spin and attack the large abomination.
You completely miss the large abomination.
You bite the large abomination, but do no damage.
The large abomination hits you!!
You die...

.... . ...## .# #
....#. #.## . .
.#...... ..#.#
###. #......#
#.#... ##..#.
X...#. #.....# # #
.#### . #..#...#
#. #...####@.# #
#..#.###.X.#....#
# #
#....#X.#....... .
.
##...#XX#.##...#.#
. ..##
.#XX##.#..#.## ...
>#X#.XX.##....# ..
. # .###
G#....#... X
###.....
..XX~~~~~... ## #
..♣♣. ~.~~~~~~~...


You could see 5 starcursed masses and 2 large abominations.

Vanquished Creatures
  A dread lich (Abyss:3)
  A juggernaut (Depths:1)
  Sojobo (Depths:4)
  Margery (Vaults:2)
  A hellephant (Vaults:2)
  Rupert (Lair:5)
  A tentacled monstrosity (Depths:2)
  A Hell Sentinel (Abyss:3)
  3 liches
  A walking frostbound tome (Depths:2)
  A sphinx (Depths:1)
  5 tentacled starspawn (Abyss:3)
  3 tengu reavers
  2 thorn hunters (Swamp:4)
  Aizul (Snake:1)
  A draconian monk (Abyss:3)
  5 nagarajas
  3 fire giants
  A fenstrider witch (Swamp:2)
  4 frost giants
  9 vault wardens
  A curse skull (Vaults:3)
  An orc warlord (Vaults:3)
  A quicksilver ooze (Gauntlet)
  2 formless jellyfish
  An ophan (Abyss:3)
  9 ironbound preservers
  4 stone giants
  Nessos (D:13)
  3 very ugly things
  8 ironbound thunderhulks
  A deep elf demonologist (Abyss:3)
  A vampire knight (Depths:4)
  3 eleionomae
  A war gargoyle (Vaults:1)
  6 spark wasps (Depths:2)
  A minotaur (Gauntlet)
  Snorg (D:14)
  4 bunyips
  18 dire elephants
  2 green deaths
  6 ettins
  The ghost of Huiwn the Crack Shot, a journeyman KoHu of Hepliaklqana (D:15)
  A merfolk impaler (Abyss:3)
  2 entropy weavers
  2 blizzard demons (Abyss:3)
  A rakshasa (Abyss:3)
  8 yaktaur captains
  A deep elf high priest (Vaults:2)
  A fire dragon (Depths:1)
  7 vault guards
  Fannar (D:10)
  11 great orbs of eyes
  18 hydras
  5 ogre magi
  4 salamander tyrants
  7 ice dragons
  3 spriggan air magi (Depths:2)
  A peacekeeper (Vaults:1)
  A catoblepas (D:14)
  8 ironbound frosthearts
  3 anacondas
  A ghost crab (Swamp:2)
  11 death yaks
  9 centaur warriors
  9 alligators
  3 boulder beetles
  A dancing weapon (D:15)
  2 tengu warriors
  17 two-headed ogres
  2 vampire magi (Depths:1)
  A demonic crawler (Abyss:3)
  4 hell knights
  4 deep troll shamans
  4 naga sharpshooters
  8 naga warriors
  An orc high priest (Orc:1)
  4 spriggan berserkers
  4 shock serpents
  Sonja (D:13)
  5 spriggans
  A fire crab (Lair:2)
  4 skysharks
  5 salamander mystics
  A spectral death yak (Lair:5)
  A shadow wraith (D:15)
  3 wretched stars (Abyss:3)
  8 deep trolls
  2 sixfirhies
  4 goliath frogs
  8 swamp dragons
  2 arcanists
  7 naga ritualists
  5 spectral anacondas
  7 bog bodies
  3 spriggan druids
  A flayed ghost (Abyss:3)
  3 shadow demons
  Lodul (D:14)
  A glowing orange brain (Vaults:4)
  A steelbarb worm (shapeshifter) (Depths:1)
  11 ironbound convokers
  10 mana vipers
  Pikel (D:7)
  3 phantasmal warriors (D:15)
  5 necromancers
  4 orc knights
  12 lindwurms
  A deep elf zephyrmancer (D:14)
  An anaconda skeleton (Snake:2)
  9 ugly things
  5 deep elf pyromancers
  2 manticores
  A fire giant zombie (Vaults:4)
  2 oklob plants
  11 salamanders
  4 cyclopes
  3 will-o-the-wisps
  A worldbinder (Abyss:3)
  A meliai (shapeshifter) (Abyss:3)
  2 kobold blastminers (Orc:1)
  13 elephants
  4 guardian serpents
  A stone giant skeleton (Vaults:4)
  A black mamba (shapeshifter) (D:11)
  10 vault sentinels
  23 black mambas
  3 orange demons (Abyss:3)
  2 dire elephant zombies (Lair:5)
  4 smoke demons (Abyss:3)
  6 naga magi
  A rust devil (Abyss:3)
  9 cane toads
  13 large abominations (Abyss:3)
  2 apocalypse crabs (Abyss:3)
  3 gargoyles
  2 unseen horrors (D:12)
  A spectral sea snake (Snake:2)
  Jeremiah (D:6)
  8 komodo dragons
  3 kobold demonologists
  An unseen horror (shapeshifter) (Abyss:3)
  10 rime drakes
  2 efreet
  8 yaktaurs
  A tengu conjurer (Depths:2)
  3 anaconda simulacra (Snake:2)
  2 ice devils
  11 tyrant leeches
  A hellwing (Abyss:3)
  2 ancient zymes (Abyss:3)
  A queen bee (shapeshifter) (D:14)
  2 sea snake skeletons (Snake:2)
  2 bloated husks
  4 trolls
  6 raiju
  A tarantella (shapeshifter) (D:14)
  6 hornets
  A glass eye (Depths:1)
  7 blink frogs
  A jumping spider (Vaults:3)
  Grinder (D:5)
  6 polar bears
  4 dream sheep (Lair:5)
  A stone giant simulacrum (Vaults:4)
  19 slime creatures
  A shadow (D:12)
  2 small abominations (Abyss:3)
  A centaur simulacrum (D:15)
  An air elemental (Abyss:3)
  6 water elementals
  A vampire (Abyss:3)
  3 wyverns
  3 wraiths
  A ynoxinul (Abyss:3)
  2 fire bats (Lair:2)
  15 starcursed masses (Abyss:3)
  A fire elemental (Lair:2)
  3 redbacks
  60 yaks
  A neqoxec (Gauntlet)
  4 basilisks
  4 chaos spawn
  10 vampire mosquitoes
  A spatial vortex (Abyss:3)
  A steam dragon (D:8)
  4 wargs (Orc:2)
  18 swamp worms
  25 nagas
  An acid dragon (D:13)
  A hell hound (Lair:2)
  18 water moccasins
  A naga skeleton (Snake:2)
  4 swamp drakes
  4 black bears
  9 orc warriors
  2 elephant skeletons (Lair:5)
  4 ice beasts
  An elephant zombie (Lair:5)
  A sky beast (D:7)
  8 laughing skulls
  31 ogres
  5 boggarts (D:15)
  14 centaurs
  24 wolves
  A lemure (D:7)
  A phantom (D:6)
  8 kobold brigands
  2 weeping skulls
  A brain worm (Abyss:3)
  17 bullfrogs
  2 cane toad simulacra (Lair:5)
  4 gnoll sergeants
  3 scorpions
  3 naga simulacra (Snake:2)
  A wight (Abyss:3)
  10 killer bees
  3 spectral nagas (Snake:2)
  2 elephant simulacra (Lair:5)
  6 howler monkeys
  8 electric eels
  6 crimson imps (Abyss:3)
  A bombardier beetle (D:4)
  8 hounds
  2 quasits (Abyss:3)
  6 orc priests
  A jelly (D:6)
  10 iguanas
  Jessica (D:3)
  4 gnoll boudas
  A human skeleton (D:4)
  2 sleepcaps
  11 hell rats
  16 orc wizards
  A hound skeleton (D:4)
  25 gnolls
  9 adders
  3 river rats
  7 white imps
  2 ufetubi (D:6)
  3 dart slugs
  36 orcs
  10 ball pythons
  16 bats
  6 endoplasms
  8 giant cockroaches
  4 goblins
  13 hobgoblins
  10 jackals
  42 kobolds
  12 quokkas
  3 frilled lizards
  9 rats
  A spectral orc (D:6)
  3 starspawn tentacles (Abyss:3)
1329 creatures vanquished.

Vanquished Creatures (collateral kills)
  A tentacled starspawn (Abyss:3)
  A tengu reaver (Depths:4)
  4 vault wardens
  2 fire giants (Depths:4)
  7 ironbound preservers
  A stone giant (Depths:2)
  A vampire knight (Depths:2)
  A deep elf death mage (Vaults:3)
  2 very ugly things (Depths:2)
  2 dire elephants (Vaults:3)
  A great orb of eyes (Vaults:3)
  3 vault guards
  2 ironbound frosthearts
  A spriggan air mage (Depths:4)
  4 centaur warriors (Vaults:3)
  2 two-headed ogres
  3 hell knights
  A spriggan berserker (Swamp:4)
  A deep elf archer (D:14)
  A salamander mystic (Snake:3)
  9 deep trolls
  A shadow demon (Abyss:3)
  A phantasmal warrior (Vaults:3)
  2 glowing orange brains
  2 arcanists
  5 ironbound convokers
  A necromancer (Vaults:2)
  2 orc knights
  A shining eye (Abyss:3)
  4 salamanders
  4 ugly things
  A black mamba (Snake:4)
  3 vault sentinels
  16 yaktaurs
  An ice devil (Abyss:3)
  A polar bear (IceCv)
  A glass eye (Abyss:3)
  Sigmund (D:6)
  A warg (Orc:2)
  4 nagas
  2 orc warriors
  10 ogres
  4 wolves (IceCv)
  A gnoll bouda (D:6)
  An orc wizard (D:6)
  6 gnolls
  An orc (Orc:1)
  A hobgoblin (D:6)
128 creatures vanquished.

Vanquished Creatures (others)
  A sphinx (Vaults:2)
  A tengu reaver (Depths:4)
  A stone giant (Depths:2)
  A dire elephant (Vaults:3)
  A bunyip (shapeshifter) (Abyss:3)
  An ettin (Vaults:1)
  A vault guard (Vaults:3)
  An anaconda (Snake:4)
  A centaur warrior (Vaults:3)
  A hell knight (Vaults:2)
  A naga ritualist (Snake:4)
  2 deep trolls (Vaults:2)
  8 dancing weapons
  2 necromancers
  An ugly thing (Vaults:1)
  A freezing wraith (Vaults:3)
  A large abomination (Abyss:3)
  2 yaktaurs
  An ice devil (D:12)
  A bloated husk (Swamp:1)
  A chaos spawn (Abyss:3)
  A gnoll bouda (D:7)
  A gnoll (D:7)
  4 foxfires (Swamp:1)
  14 starspawn tentacles (Abyss:3)
51 creatures vanquished.

Grand Total: 1508 creatures vanquished

Notes
Turn   | Place    | Note
-------+----------+-------------------------------------------
     0 | D:5      | Anno the Felid Delver began the quest for the Orb.
     0 | D:5      | Reached XP level 1. HP: 12/12 MP: 2/2
     4 | D:4      | Noticed a hound
    31 | D:4      | Noticed a kobold brigand
    52 | D:4      | Noticed an iguana
    72 | D:4      | Found a staircase to the Ecumenical Temple.
    74 | D:4      | Noticed an iguana
    79 | Temple   | Found a transporter.
    79 | Temple   | Found a transporter.
    79 | Temple   | Found a transporter.
    79 | Temple   | Found a transporter.
    79 | Temple   | Entered the Ecumenical Temple
    95 | Temple   | Became a worshipper of the Wu Jian Council
   167 | D:4      | Reached XP level 2. HP: 5/16 MP: 3/3
   314 | D:2      | Found an iron altar of Okawaru.
   468 | D:2      | Reached XP level 3. HP: 21/21 MP: 4/4
   580 | D:1      | Reached * piety under Wu Jian
  1747 | D:3      | Reached XP level 4. HP: 25/25 MP: 5/5
  1747 | D:3      | Gained a life (2 lives remaining)
  1749 | D:3      | Learned a level 1 spell: Slow
  1753 | D:3      | Noticed Jessica
  2030 | D:3      | Reached skill level 1 in Hexes
  2195 | D:3      | Killed Jessica
  2410 | D:3      | Slain by a gnoll
  2410 | D:3      | Lost a life (1 life remaining)
  2482 | D:4      | Reached skill level 2 in Hexes
  2535 | D:4      | Found a burning altar of Makhleb.
  2539 | D:4      | Reached ** piety under Wu Jian
  2540 | D:4      | Reached XP level 5. HP: 30/30 MP: 6/6
  2562 | D:4      | Learned a level 3 spell: Confusing Touch
  2695 | D:4      | Reached skill level 3 in Hexes
  2695 | D:4      | Gained mutation: You are covered in thick fur. (AC +2)
                  | [Felid growth]
  2695 | D:4      | Reached XP level 6. HP: 20/35 MP: 4/7
  2779 | D:4      | Reached skill level 5 in Fighting
  2872 | D:4      | Reached skill level 4 in Hexes
  3498 | D:5      | Noticed an ice beast
  3505 | D:5      | Killed an ice beast
  3589 | D:5      | Reached XP level 7. HP: 27/39 MP: 8/8
  3589 | D:5      | Gained a life (2 lives remaining)
  3763 | D:5      | Reached skill level 5 in Hexes
  3770 | D:5      | Reached skill level 5 in Unarmed Combat
  4039 | D:5      | Reached skill level 6 in Hexes
  4257 | D:5      | Noticed Grinder
  4268 | D:5      | Killed Grinder
  4269 | D:5      | Reached XP level 8. HP: 31/45 MP: 6/9
  4272 | D:5      | Learned a level 2 spell: Blink
  5097 | D:6      | Reached skill level 7 in Hexes
  5293 | D:6      | Found a runed translucent gate.
  5293 | D:6      | Found a runed translucent gate.
  5297 | D:6      | Noticed a gargoyle
  5323 | D:6      | Reached skill level 8 in Hexes
  5332 | D:6      | Found a glowing drain.
  5357 | D:6      | Reached *** piety under Wu Jian
  5365 | Sewer    | Entered a sewer
  6031 | D:6      | Found a snail-covered altar of Cheibriados.
  6090 | D:6      | Found a runed translucent gate.
  6095 | D:6      | Noticed Sigmund
  6095 | D:6      | Noticed mdk's ghost (novice DECj)
  6107 | D:6      | Found a basalt altar of Yredelemnul.
  6375 | D:6      | Reached skill level 1 in Spellcasting
  6386 | D:6      | Learned a level 3 spell: Tukima's Dance
  6427 | D:6      | Reached **** piety under Wu Jian
  6445 | D:6      | Reached XP level 9. HP: 16/50 MP: 7/12
  6628 | D:6      | Reached skill level 9 in Hexes
  6730 | D:6      | Noticed Jeremiah
  6950 | D:6      | Killed Sigmund
  6951 | D:6      | Reached skill level 1 in Translocations
  7340 | D:6      | Killed Jeremiah
  7341 | D:6      | Reached skill level 10 in Hexes
  7681 | D:6      | Found a shimmering blue altar of Sif Muna.
  8224 | D:7      | Reached XP level 10. HP: 33/58 MP: 5/14
  8239 | D:7      | HP: 2/58 [killer bee (6)]
  8462 | D:7      | Noticed Pikel
  8489 | D:7      | Killed Pikel
  9127 | D:8      | Reached ***** piety under Wu Jian
  9138 | D:8      | Identified a scroll of acquirement
  9530 | D:8      | Reached skill level 10 in Fighting
  9689 | D:8      | Found Oggo's Book Boutique.
  9732 | D:8      | Found an opulent altar of Gozag.
 10402 | D:9      | Found a staircase to the Orcish Mines.
 10467 | D:9      | Reached skill level 10 in Unarmed Combat
 10528 | D:9      | Identified the +7 falchion "Eviscerator" {heavy, Stlth+}
 10616 | D:10     | Entered Level 10 of the Dungeon
 10617 | D:10     | Noticed a two-headed ogre
 10618 | D:10     | Killed a two-headed ogre
 10766 | D:10     | Found a staircase to the Lair.
 11072 | D:10     | Noticed a two-headed ogre
 11079 | D:10     | Killed a two-headed ogre
 11080 | D:10     | Reached XP level 11. HP: 64/64 MP: 15/15
 11119 | D:10     | Reached skill level 5 in Dodging
 11527 | D:10     | Identified the +5 short sword of Haynotim {flame, +Blink}
 11576 | D:10     | Noticed Fannar
 11577 | D:10     | Killed Fannar
 11609 | Lair:1   | Entered Level 1 of the Lair of Beasts
 12975 | Lair:2   | Reached skill level 10 in Stealth
 13223 | D:8      | Bought a book of Misfortune for 544 gold pieces
 13229 | D:8      | Learned a level 5 spell: Yara's Violent Unravelling
 13647 | D:11     | Noticed a two-headed ogre
 13651 | D:11     | Killed a two-headed ogre
 13818 | D:11     | Gained mutation: Your thick and shaggy fur keeps you warm.
                  | (AC +3, rC+) [Felid growth]
 13818 | D:11     | Reached XP level 12. HP: 70/70 MP: 16/16
 14044 | D:12     | Reached skill level 1 in Alchemy
 14222 | D:12     | Noticed a centaur warrior
 14311 | D:12     | Noticed a two-headed ogre
 14327 | D:12     | Noticed a two-headed ogre
 14335 | D:12     | Noticed a two-headed ogre
 14344 | D:12     | Killed a two-headed ogre
 14357 | D:12     | Killed a two-headed ogre
 14417 | D:12     | Killed a two-headed ogre
 14507 | D:12     | Acquired a manual of Hexes
 14532 | D:12     | Reached skill level 11 in Hexes
 14540 | D:12     | Found a frozen archway.
 14557 | IceCv    | Entered an ice cave
 14577 | IceCv    | Noticed a death yak
 14601 | IceCv    | Killed a death yak
 14855 | IceCv    | Noticed a death yak
 15074 | IceCv    | Noticed a death yak
 15075 | IceCv    | Noticed a frost giant
 15075 | IceCv    | Killed a death yak
 15076 | IceCv    | Reached skill level 12 in Hexes
 15077 | IceCv    | Killed a frost giant
 15095 | IceCv    | Noticed a death yak
 15411 | D:12     | Killed a centaur warrior
 15412 | D:12     | Reached XP level 13. HP: 49/76 MP: 14/18
 15832 | D:8      | Bought a book of Movement for 640 gold pieces
 15836 | D:8      | Learned a level 3 spell: Passwall
 16119 | Lair:1   | Reached skill level 10 in Dodging
 16344 | Lair:2   | Found a transporter.
 16469 | Lair:2   | Found a staircase to the Swamp.
 16470 | Lair:2   | Reached skill level 13 in Hexes
 16495 | Lair:2   | Reached skill level 1 in Earth Magic
 16555 | Lair:2   | Found a transporter.
 16900 | Lair:3   | Found a staircase to the Snake Pit.
 18012 | Lair:3   | Reached skill level 14 in Hexes
 18483 | Lair:4   | Found a staircase to the Slime Pits.
 19145 | Lair:4   | Reached ****** piety under Wu Jian
 19148 | Lair:4   | Got the Encyclopedia of the Guardian
 19565 | Lair:5   | Entered Level 5 of the Lair of Beasts
 19700 | Lair:5   | Reached skill level 1 in Evocations
 19753 | Lair:5   | Learned a level 2 spell: Jinxbite
 19777 | Lair:5   | Mangled by a death yak
 19777 | Lair:5   | Lost a life (1 life remaining)
 19964 | D:12     | Reached XP level 14. HP: 82/82 MP: 22/22
 19964 | D:12     | Gained a life (2 lives remaining)
 20309 | D:13     | Noticed Nessos
 20318 | D:13     | Killed Nessos
 20337 | D:13     | Reached skill level 5 in Spellcasting
 20340 | D:13     | Reached skill level 15 in Hexes
 20666 | D:13     | Found a gate leading to a gauntlet.
 20673 | Gauntlet | Entered a Gauntlet
 20673 | Gauntlet | Found a transporter.
 20673 | Gauntlet | Found a transporter.
 20676 | Gauntlet | Found a transporter.
 20678 | Gauntlet | Found a transporter.
 20679 | Gauntlet | Found a transporter.
 20679 | Gauntlet | Found a transporter.
 20715 | Gauntlet | Found a transporter.
 20723 | Gauntlet | Found a transporter.
 20736 | Gauntlet | Noticed a quicksilver ooze
 20739 | Gauntlet | Found a transporter.
 20757 | Gauntlet | Found a transporter.
 20758 | Gauntlet | Found a transporter.
 20835 | Gauntlet | Found a transporter.
 20887 | Gauntlet | Identified the amulet "Hiqipn Ylie" {Harm RegenMP+ Str+3
                  | Int-5}
 20894 | Gauntlet | Killed a quicksilver ooze
 21014 | Gauntlet | Identified the ring "Biur" {Wiz rCorr Dex+3}
 21420 | D:13     | Noticed Sonja
 21449 | D:13     | Killed Sonja
 21605 | D:13     | Upgraded the game from 0.32-a0-918-g0f22ef8d61 to
                  | 0.32-a0-928-g1cae6b7ea0
 22632 | D:14     | Noticed Lodul
 22661 | D:14     | Reached skill level 16 in Hexes
 22719 | D:14     | Killed Lodul
 23130 | D:14     | Noticed Snorg
 23133 | D:14     | Killed Snorg
 23449 | D:14     | Found a gate to the Vaults.
 24801 | Lair:5   | Identified the +3 arbalest "Beoz" {freeze, rN+ Dex+2}
 25092 | Lair:5   | Reached XP level 15. HP: 88/88 MP: 21/25
 25586 | Lair:5   | Mangled by a yak
 25586 | Lair:5   | Lost a life (1 life remaining)
 25957 | Lair:5   | Identified the maw talisman "Huopitoa" {Int+2 Dex+6}
 25957 | Lair:5   | Noticed Rupert
 25971 | Lair:5   | Killed Rupert
 25990 | Lair:5   | Learned a level 7 spell: Enfeeble
 27785 | Orc:1    | Entered Level 1 of the Orcish Mines
 28149 | Orc:2    | Entered Level 2 of the Orcish Mines
 28167 | Orc:2    | Found Ciqoufe's Weapon Boutique.
 28167 | Orc:2    | Found Vetish's Magic Scroll Emporium.
 28183 | Orc:2    | Reached skill level 15 in Fighting
 28218 | Orc:2    | Reached skill level 15 in Unarmed Combat
 28233 | Orc:2    | Found Qeenomm's Armour Emporium.
 28233 | Orc:2    | Found Dipruhe's Antique Armour Shop.
 28256 | Orc:2    | Bought a scroll of blinking for 120 gold pieces
 28256 | Orc:2    | Bought a scroll of blinking for 120 gold pieces
 28438 | Orc:2    | Found a staircase to the Elven Halls.
 28455 | Orc:2    | Found Neg Woah's Antique Armour Shop.
 28602 | Orc:2    | Found Pinossy's Weapon Shop.
 28812 | Lair:1   | Acquired an amulet of regeneration
 28910 | Swamp:1  | Entered Level 1 of the Swamp
 29225 | Swamp:1  | Reached XP level 16. HP: 95/95 MP: 27/30
 29225 | Swamp:1  | Gained a life (2 lives remaining)
 29234 | Swamp:1  | Learned a level 8 spell: Discord
 29477 | Swamp:1  | Reached skill level 5 in Evocations
 30319 | Swamp:2  | Reached skill level 17 in Hexes
 31038 | Swamp:2  | Identified the +10 trident of the Shallot {drain, *Noise
                  | Str+4 Dex+3}
 31686 | Swamp:4  | Entered Level 4 of the Swamp
 31789 | Swamp:4  | Reached skill level 18 in Hexes
 31797 | Swamp:4  | Noticed a thorn hunter
 31832 | Swamp:4  | Killed a thorn hunter
 31839 | Swamp:4  | Reached skill level 10 in Spellcasting
 31850 | Swamp:4  | Noticed a thorn hunter
 31866 | Swamp:4  | Killed a thorn hunter
 31914 | Swamp:4  | Got a decaying rune of Zot
 32096 | Swamp:4  | Identified the +2 leather armour "Ymmuo" {Int+3 Slay+2}
 32518 | Lair:2   | Identified the +10 longbow "Sopioc" {elec, rN+ SInv}
 32520 | Lair:2   | Got Pitsajit's Almanac of the Icebound Welkin
 32622 | Snake:1  | Entered Level 1 of the Snake Pit
 32650 | Snake:1  | Identified the serpent talisman "Ucieluiz" {rF++}
 32650 | Snake:1  | Noticed Aizul
 32660 | Snake:1  | Killed Aizul
 32661 | Snake:1  | Reached XP level 17. HP: 100/100 MP: 29/32
 32938 | Snake:1  | Found Raysown's Distillery.
 32946 | Snake:1  | Bought a potion of curing for 45 gold pieces
 32946 | Snake:1  | Bought a potion of curing for 45 gold pieces
 34685 | Snake:3  | Killed from afar by a nagaraja
 34685 | Snake:3  | Lost a life (1 life remaining)
 34795 | Snake:3  | Reached skill level 19 in Hexes
 36073 | Snake:4  | Entered Level 4 of the Snake Pit
 36631 | Snake:4  | Found a shimmering blue altar of Sif Muna.
 37998 | Snake:4  | Got a serpentine rune of Zot
 38364 | D:15     | Entered Level 15 of the Dungeon
 38395 | D:15     | Reached XP level 18. HP: 107/107 MP: 33/33
 38395 | D:15     | Gained a life (2 lives remaining)
 38437 | D:15     | Found a runed translucent door.
 38513 | D:15     | Reached skill level 15 in Stealth
 38514 | D:15     | Reached skill level 20 in Hexes
 38518 | D:15     | Got the Cyclopedia of Ice and the Coals
 38631 | D:15     | Found a staircase to the Depths.
 39086 | D:15     | Found a runed translucent gate.
 39086 | D:15     | Found a runed translucent gate.
 39086 | D:15     | Found a runed translucent gate.
 39366 | D:15     | Noticed Huiwn's ghost (journeyman KoHu)
 39477 | D:15     | Reached skill level 15 in Dodging
 39559 | D:15     | Killed Huiwn's ghost
 39560 | D:15     | Reached skill level 10 in Evocations
 39573 | D:15     | Identified the ring of Konwunun {Int+6 Dex-5 SInv}
 39683 | Vaults:1 | Entered Level 1 of the Vaults
 40230 | Vaults:1 | Noticed a lich
 40231 | Vaults:1 | Killed a lich
 40410 | Vaults:1 | Found Otilo's Assorted Antiques.
 42892 | Vaults:2 | Reached XP level 19. HP: 114/114 MP: 21/34
 43588 | Vaults:2 | Noticed a hellephant
 43589 | Vaults:2 | Noticed Margery
 43598 | Vaults:2 | Killed Margery
 43614 | Vaults:2 | Killed a hellephant
 43883 | Vaults:2 | Paralysed by a formless jellyfish for 1 turns
 44423 | Vaults:3 | Reached skill level 21 in Hexes
 44919 | Vaults:3 | Found Honamoiw's Weapon Emporium.
 45101 | Vaults:3 | Found a staircase to the Crypt.
 45557 | Vaults:4 | Found Qugojots's Jewellery Emporium.
 45821 | Vaults:4 | Reached skill level 1 in Shapeshifting
 46530 | Vaults:4 | Reached XP level 20. HP: 121/121 MP: 35/35
 47197 | Depths:1 | Entered Level 1 of the Depths
 47230 | Depths:1 | Found a gateway to Hell.
 47768 | Depths:1 | Noticed a juggernaut
 47914 | Depths:1 | Killed a juggernaut
 48091 | Depths:1 | Found a one-way gate leading to the halls of Pandemonium.
 48122 | Depths:1 | Noticed a golden dragon
 48146 | Depths:1 | Identified the ring "Xoschu" {MP+9 Int+4}
 48147 | Depths:1 | Got Udaimup's Anthology of Clouds
 48963 | Depths:2 | Reached skill level 5 in Shapeshifting
 49139 | Depths:2 | You fall into a shaft and drop 2 floors!
 49139 | Depths:4 | Entered Level 4 of the Depths
 49139 | Depths:4 | Noticed Sojobo
 49144 | Depths:4 | Killed Sojobo
 49336 | Depths:4 | Found a one-way gate to the infinite horrors of the Abyss.
 49358 | Depths:4 | Voluntarily entered the Abyss.
 49359 | Abyss:1  | Found a corrupted altar of Lugonu.
 49365 | Abyss:1  | Found a corrupted altar of Lugonu.
 49475 | Abyss:2  | Found a corrupted altar of Lugonu.
 49545 | Abyss:3  | Found a corrupted altar of Lugonu.
 49724 | Abyss:3  | Found a corrupted altar of Lugonu.
 49724 | Abyss:3  | Found a corrupted altar of Lugonu.
 49724 | Abyss:3  | Found a corrupted altar of Lugonu.
 49912 | Abyss:3  | Noticed a dread lich
 49930 | Abyss:3  | Killed a dread lich
 49986 | Abyss:3  | HP: 2/123 [tentacled starspawn (21)]
 49989 | Abyss:3  | Killed from afar by a starcursed mass
 49989 | Abyss:3  | Lost a life (1 life remaining)
 49990 | Abyss:3  | Found a corrupted altar of Lugonu.
 50171 | Abyss:3  | HP: 6/123 [tentacled monstrosity (11)]
 50171 | Abyss:3  | Slain by a tentacled monstrosity
 50171 | Abyss:3  | Lost a life (0 lives remaining)
 50203 | Abyss:3  | Reached XP level 21. HP: 128/128 MP: 28/36
 50203 | Abyss:3  | Gained a life (1 life remaining)
 50683 | Abyss:3  | Killed from afar by a lightning spire
 50683 | Abyss:3  | Lost a life (0 lives remaining)
 50687 | Abyss:3  | Found a corrupted altar of Lugonu.
 50695 | Abyss:3  | Found a corrupted altar of Lugonu.
 50862 | Abyss:3  | HP: 5/102 [starcursed mass/accursed screaming (5)]
 50927 | Abyss:3  | Demolished by a large abomination

Illustrated notes

Levels and vault maps discovered:
D:1:      lemuel_arrival_room, layout_loops_corners, minmay_splitting_lines
D:2:      layout_basic, basic_altar, chequers_serial_rivers_micro_d
D:3:      layout_loops_cross, minmay_misc_feat_more_columns,
          minmay_gold_behind_fungi, uniq_jessica
D:4:      layout_basic, makhleb_blood_cavern_becter,
          minmay_temple_entry_junction
D:5:      layout_loops_corners, nicolae_kite_square_tiling_tiny, uniq_grinder
D:6:      kennysheep_housing_project, layout_cave_pods,
          mainiacjoe_overflow_tiny_flanked, kennysheep_mini_moat,
          yredelemnul_forgotten_temple_becter, portal_sewer_entry_f,
          gammafunk_ghost_split, uniq_jeremiah, uniq_sigmund
D:7:      layout_basic, feat_on_display, uniq_pikel
D:8:      layout_loops_ring, nicolae_overflow_hidden_temple, serial_shops,
          nicolae_shop_real_fake_doors, kb_lookout_dungeons_type,
          feat_on_display
D:9:      layout_basic, orc_0_dummy, serial_curves, eino_curves_01,
          eino_curves_01
D:10:     layout_basic, david_lair_shrubbed, uniq_fannar
D:11:     layout_basic
D:12:     layout_irregular_city, portal_ice_cave_demonic_guard, serial_bayou,
          serial_bayou_pond_b, serial_bayou_pond_a, serial_bayou_pond_a,
          serial_bayou_shore_b
D:13:     layout_roguey, serial_bayou, serial_bayou_shore_a,
          serial_bayou_pond_b, serial_bayou_pond_e, serial_bayou_lake_a,
          serial_bayou_pond_b, gauntlet_entry_generic, uniq_nessos, uniq_sonja
D:14:     layout_basic, hangedman_vaults_entry_quadrant_bands,
          nicolae_two_hexagons, uniq_snorg, uniq_lodul
D:15:     grunt_enter_depths_hoard, layout_grid_maze, gammafunk_ghost_spectres,
          dk_noncrumbling_3, minivault_13
Temple:   hellmonk_temple_divided_pantheon
Lair:1:   layout_roguey
Lair:2:   gammafunk_cloud_chamber, layout_cave_shapes,
          minmay_swamp_entry_reptiles, infiniplex_staircase_pool_2,
          grunt_megastairs_1
Lair:3:   layout_layer_cave, nicolae_snake_entry_squirm,
          kennysheep_abandoned_house
Lair:4:   layout_layer_cave, slime_entry_1, serial_bayou, serial_bayou_pond_a,
          serial_bayou_crossing, serial_bayou_pond_e, serial_bayou_pond_d,
          chequers_serial_rivers_marsh, serial_bayou_shore_b
Lair:5:   due_jungle_book, layout_layer_cave,
          eino_small_chamber_without_monster, minivault_25, grunt_megastairs_2,
          lemuel_fruit_fields, uniq_rupert
Swamp:1:  layout_falls_marsh, serial_swamp_ruin, hangedman_swamp_ruin_hall,
          evilmike_swamp_ruin_house_1
Swamp:2:  nicolae_swamp_standing_stones, layout_falls_marsh,
          nicolae_swamp_tree_designs, swamp_pool_5,
          nicolae_swamp_oklob_treasure_island
Swamp:3:  layout_falls_marsh, evilmike_swamp_ruin_rubble_1
Swamp:4:  swamp_alternative, layout_basic_swamp, swamp_pool_1_2
Snake:1:  layout_misc_corridors, serial_shops, shop, nicolae_triple_integral,
          uniq_aizul
Snake:2:  layout_cave_shapes, nicolae_snake_the_dead_are_slithering
Snake:3:  layout_cave_pods, nicolae_integral_box
Snake:4:  johnstein_snake_rune_scales, layout_onion,
          serial_library_hellmonk_statue_hall, lemuel_fruit_tree,
          grunt_megastairs_3
Orc:1:    layout_diamond_mine, nicolae_orc_crystal_seam, minmay_orc_temple_c
Orc:2:    st_orc_ogre_mass, layout_caves, serial_shops, nicolae_square_shop,
          shop
Vaults:1: nicolae_vaults_tetromino_L_2, vaults_dpeg_ring, vaults_mumra_hex,
          v_misc_5, nicolae_vaults_closet_pinwheel_4,
          nicolae_vaults_c_with_doors, grunt_vaults_hallway_long,
          nicolae_vaults_little_squares_2, nicolae_vaults_trapezoid_layered,
          v_misc_5, layout_vaults_omnigrid, serial_shops,
          nicolae_shop_hallway_stairs
Vaults:2: nicolae_vaults_back_hallway, nicolae_vaults_little_squares_4,
          nicolae_vaults_border_crossing, nicolae_vaults_bisected_slash,
          vaults_room_semicircle, vaults_mumra_hexcomb,
          nicolae_vaults_frosty_reception, v_misc_32, grunt_vaults_focal,
          vaults_room_grunt_arrival_checkpoint, nicolae_vaults_tetromino_L_2,
          nicolae_vaults_house_1, v_misc_23, layout_vaults_omnicross,
          uniq_margery
Vaults:3: vaults_mumra_minichess_inversion, v_misc_33,
          nicolae_vaults_what_the_h, vaults_dpeg_cross, grunt_vaults_trifunnel,
          ontoclasm_vaults_gateway, minmay_crypt_entry_simple_statues,
          dpeg_vaults_monster_box, nicolae_vaults_trapezoid_3,
          nicolae_vaults_stepped_doors, ontoclasm_vaults_loading_screen,
          nicolae_vaults_offset_grid_hallway_3, layout_vaults_ring
Vaults:4: v_alt_pattern_1, vaults_room_boxed, nicolae_vaults_triangles,
          v_misc_30, grunt_vaults_diagonal, hangedman_vaults_capsules,
          vaults_mumra_minichess, nicolae_vaults_trapezoid_3,
          layout_vaults_big_room, serial_shops, nicolae_shop_behind_doors
Depths:1: layout_big_octagon, hell_entry, minmay_misc_feat_nine_boxes,
          rand_demon_pan_entry_8, minmay_the_grid_square_5x5_3x3_mashed
          [minmay_the_grid_square_5x5_fat_x,
          minmay_the_grid_square_5x5_pentomino_r,
          minmay_the_grid_square_5x5_eight,
          minmay_the_grid_square_5x5_checkered_sparse,
          minmay_the_grid_square_5x5_megaprize_checkered,
          minmay_the_grid_square_5x5_inner_v,
          minmay_the_grid_square_5x5_longway,
          minmay_the_grid_square_5x5_half_checkered,
          minmay_the_grid_square_5x5_bracketed]
Depths:2: nicolae_hexawheel, layout_gridlike, pan_entry, hell_entry,
          minmay_curled_crystal
Depths:4: evilmike_zot_entry_gauntlet, layout_basic, abyss_entry_crystal,
          hell_entry, nicolae_water_bricks, minmay_shop_star, uniq_sojobo
Abyss:3:  base: Swamp:4, spicy_abyss_pitcher_plant, evilmike_abyss_exit_4,
          spicy_abyss_unhelpful_harpoons, hangedman_abyss_or_decor_stabs,
          guppyfry_abyss_exit_imp_island, guppyfry_abyss_exit_imp_island,
          evilmike_abyss_exit_12, evilmike_abyss_rune_ettins, minivault_25_ag,
          hangedman_decor_riveting, hangedman_shadowy_showcase,
          evilmike_abyss_exit_mutagenic, evilmike_abyss_exit_mutagenic,
          dshaligram_kb_abyss_rune_zappy_water_cross, due_exit_kobolds,
          minivault_25, hangedman_steaming_rock

Skill      XL: |  1  2  3  4  5  6  7  8  9 10 11 12 13 14 15 16 17 18 19 20 |
---------------+-------------------------------------------------------------+-----
Unarmed Combat | 3 4 5 7 8 10 11 12 13 15 16 18 19 | 19.6
Fighting       | 4 5 6 7 9 10 11 12 13 14 15 16 17 18 19 20 | 20.5
Hexes          | 2 3 4 6 8 10 12 14 16 18 19 20 21 | 21.6
Spellcasting   | 1 2 3 4 6 9 10 | 10.0
Translocations | 4 |  4.0
Dodging        | 4 8 9 11 12 13 14 16 17 18 | 18.3
Stealth        | 8 10 11 12 13 14 16 17 18 | 18.9
Alchemy        | 3 4 |  4.0
Earth Magic    | 3 4 |  4.0
Evocations     | 1 4 7 9 10 | 10.0
Shapeshifting  | 2 6 |  6.9

Action                     |  1- 3 |  4- 6 |  7- 9 | 10-12 | 13-15 | 16-18 | 19-21 || total
---------------------------+-------+-------+-------+-------+-------+-------+-------++-------
  Melee: Unarmed           |   116 |   108 |   483 |   571 |  1442 |  1141 |  1006 ||  4867
         Bite              |     5 |    11 |    44 |    74 |   228 |   176 |   188 ||   726
         Punch             |       |     2 |    21 |    46 |   166 |   155 |   155 ||   545
   Cast: Slow              |       |     2 |    11 |     2 |     8 |       |       ||    23
         Confusing Touch   |       |     3 |    27 |    59 |    89 |    33 |     4 ||   215
         Blink             |       |       |     2 |     3 |     3 |     4 |     2 ||    14
         Tukima's Dance    |       |       |    17 |     8 |    18 |    11 |       ||    54
         Yara's Violent Un |       |       |       |     1 |     5 |    10 |    14 ||    30
         Passwall          |       |       |       |       |    16 |    13 |     2 ||    31
         Jinxbite          |       |       |       |       |    14 |     5 |       ||    19
         Enfeeble          |       |       |       |       |    10 |   103 |    95 ||   208
         Discord           |       |       |       |       |       |    11 |    25 ||    36
 Invoke: Serpent's Lash    |       |       |     2 |    10 |    24 |    33 |    33 ||   102
         Heavenly Storm    |       |       |       |       |     2 |     1 |     1 ||     4
Ability: Lunge             |    21 |    15 |    43 |    63 |   104 |   138 |    88 ||   472
         Whirlwind         |     1 |     2 |    60 |   116 |   293 |   280 |   257 ||  1009
         Wall Jump         |       |     2 |    30 |    31 |    56 |    35 |    37 ||   191
  Evoke: Wand              |       |       |       |     4 |     9 |    15 |     5 ||    33
         Sack of spiders   |       |       |       |       |     2 |     1 |     1 ||     4
         Gell's gravitambo |       |       |       |       |       |       |     2 ||     2
    Use: Scroll            |     4 |     2 |     8 |     7 |    15 |    14 |    11 ||    61
         Potion            |     1 |       |     3 |     8 |     4 |     7 |     5 ||    28
   Stab: Sleeping          |    21 |    12 |    36 |    48 |    69 |   102 |    46 ||   334
         Distracted        |     1 |     2 |     4 |     1 |     7 |     4 |    11 ||    30
         Confused          |       |     2 |    27 |    41 |    73 |    24 |     6 ||   173
         Invisible         |       |       |       |       |     7 |    75 |    70 ||   152
 Armour: Skin              |    26 |    23 |   145 |   100 |   206 |   234 |   183 ||   917
  Dodge: Dodged            |    64 |    56 |   296 |   382 |   893 |   840 |   520 ||  3051
  Block: Other             |       |       |       |    16 |   157 |    20 |       ||   193
         Reflection        |       |       |       |     3 |     2 |     1 |       ||     6

Table legend: (Time is in decaauts)
 A = Elapsed time spent in this place.
 B = Non-inter-level travel time spent in this place.
 C = Inter-level travel time spent in this place.
 D = Time resting spent in this place.
 E = Time spent auto-exploring this place.
 F = Levels seen in this place.
 G = Mean time per level.
                   A        B        C        D        E       F      G
               +--------+--------+--------+--------+--------+-----+--------+
         Total |  50864 |  46896 |   3968 |   8139 |  23136 |  44 | 1156.0 |
       Dungeon |  18753 |  16703 |   2050 |   1903 |   9287 |  15 | 1250.2 |
        Temple |     33 |     31 |      2 |      0 |      0 |   1 |   33.0 |
          Lair |   9344 |   8143 |   1201 |   1567 |   4278 |   5 | 1868.8 |
         Swamp |   3246 |   3115 |    131 |    531 |   1489 |   4 |  811.5 |
     Snake Pit |   5464 |   5112 |    352 |    964 |   2539 |   4 | 1366.0 |
  Orcish Mines |    936 |    867 |     69 |    101 |    444 |   2 |  468.0 |
        Vaults |   7172 |   7012 |    160 |   1272 |   4256 |   4 | 1793.0 |
        Depths |   2124 |   2124 |      0 |    907 |    369 |   3 |  708.0 |
         Abyss |   1502 |   1502 |      0 |    129 |    130 |   3 |  500.7 |
         Sewer |    877 |    877 |      0 |     19 |    247 |   1 |  877.0 |
      Ice Cave |    837 |    837 |      0 |    469 |      0 |   1 |  837.0 |
      Gauntlet |    572 |    572 |      0 |    274 |     96 |   1 |  572.0 |
               +--------+--------+--------+--------+--------+-----+--------+

Top non-repeatable levels by time:
  Lair:5: 2983 daAuts
    D:14: 2363 daAuts
Vaults:1: 2208 daAuts
  Lair:1: 2072 daAuts
     D:6: 1966 daAuts
Vaults:2: 1886 daAuts
  Lair:3: 1884 daAuts
 Snake:4: 1737 daAuts
 Snake:3: 1709 daAuts
Vaults:4: 1607 daAuts
Vaults:3: 1469 daAuts
    D:10: 1445 daAuts
     D:5: 1409 daAuts
     D:4: 1391 daAuts
 Abyss:3: 1385 daAuts
